 Dungeon Crawl Stone Soup version 0.30.1 (webtiles) character file.

Game seed: 9933425432265168291

40434 safid the Gelid (level 14, -1/111 (124) HPs)
             Began as a Merfolk Ice Elementalist on July 12, 2023.
             Was a High Priest of Vehumet.
             Slain by a spectral orc warrior
             ... wielding a +0 glaive
             ... summoned by Nergalle
              (7 damage)
             ... on level 1 of the Orcish Mines.
             The game lasted 00:38:14 (17488 turns).

safid the Gelid (Merfolk Ice Elementalist)         Turns: 17488, Time: 00:38:14

HP:   -1/111 (124)  AC: 10    Str: 15    XL:     14   Next: 11%
MP:   17/37         EV: 14    Int: 27    God:    Vehumet [*****.]
Gold: 1472          SH:  0    Dex: 15    Spells: 2/33 levels left

rFire   . . .        c - +7 great mace "Noiseecsis" {spect, Contam rCorr Int+9}
rCold   + . .        (shield currently unavailable)
rNeg    . . .        b - +3 robe of the Past {rElec rC+ SInv}
rPois   .            (no helmet)
rElec   +            G - +1 cloak
rCorr   +            y - +1 Delatra's gloves {ID++}
SInv    +            L - +0 pair of boots
Will    +....        l - amulet of magic regeneration
Stlth   +            g - +6 ring of strength
HPRegen 0.38/turn    K - ring of magical power
MPRegen 0.65/turn

%: no passive effects
@: contaminated, glowing, heavily drained
A: (nimble swimmer 2), mertail
a: Renounce Religion


You were on level 1 of the Orcish Mines.
You worshipped Vehumet.
Vehumet was extremely pleased with you.
You visited 4 branches of the dungeon, and saw 19 of its levels.

You collected 1537 gold pieces.
You spent 65 gold pieces at shops.

Inventory:

Hand Weapons
 c - the +7 great mace "Noiseecsis" (weapon) {spect, Contam rCorr Int+9}
   (You found it on level 6 of the Dungeon)

   Int:       It affects your intelligence (+9).
   Contam:    It causes magical contamination when unequipped.
   rCorr:     It protects you from acid and corrosion.
Missiles
 A - a curare-tipped dart
Armour
 b - the +3 robe of the Past (worn) {rElec rC+ SInv}
   (You took it off a kobold on level 2 of the Dungeon)

   rC:        It protects you from cold.
   rElec:     It insulates you from electricity.
   SInv:      It lets you see invisible.
 y - the +1 Delatra's gloves (worn) {ID++}
   (You found it on level 3 of the Dungeon)

   ID++:      It heals its wearer when they drink unknown potions, and restores
   their MP when they read unknown scrolls.
 G - a +1 cloak (worn)
 L - a +0 pair of boots (worn)
Jewellery
 g - a +6 ring of strength (left hand)
 l - an amulet of magic regeneration (around neck)
 J - a ring of ice
 K - a ring of magical power (right hand)
Wands
 d - a wand of mindburst (17)
 q - a wand of charming (10)
 C - a wand of digging (6)
 D - a wand of flame (56)
 M - a wand of acid (12)
Scrolls
 a - 3 scrolls of fear
 e - 6 scrolls of fog
 f - 4 scrolls of teleportation
 h - 4 scrolls of blinking
 n - 3 scrolls of amnesia
 p - 2 scrolls of enchant armour
 r - a scroll of enchant weapon
 t - a scroll of magic mapping
 w - 2 scrolls of silence
 F - a scroll of butterflies
Potions
 i - 3 potions of resistance
 j - 2 potions of haste
 k - 3 potions of curing
 m - 2 potions of might {unknown}
 o - 3 potions of mutation
 s - a potion of ambrosia {unknown}
 u - a potion of berserk rage {unknown}
 v - 3 potions of flight
 z - 2 potions of invisibility
 B - 2 potions of brilliance {unknown}
 E - 2 potions of magic
 H - 3 potions of cancellation
 N - a potion of heal wounds


   Skills:
 + Level 15.9 Fighting
 - Level 6.0 Dodging
 - Level 2.1 Stealth
 - Level 10.0 Spellcasting
 + Level 3.5 Conjurations
 + Level 5.6 Transmutations
 - Level 16.0 Ice Magic


You had 2 spell levels left.
You knew the following spells:

 Your Spells              Type           Power      Damage    Failure   Level
a - Irradiate             Conj/Tmut      19%        3d18      5%          5
b - Frozen Ramparts       Ice            100%       1d16      0%          3
c - Ozocubu's Armour      Ice            79%        N/A       1%          3
d - Ozocubu's Refrigerat  Ice            39%        4d16      1%          7
e - Dragon Form           Tmut           21%        N/A       98%         7
f - Freeze                Ice            100%       1d10      0%          1
g - Freezing Cloud        Conj/Ice/Air   24%        6-21      2%          5

Your spell library contained the following spells:

 Spells                   Type           Power      Damage    Failure   Level
 Iskenderun's Mystic Bla  Conj/Tloc      23%        2d6       5%          4
 Necrotise                Necr           52%        1d6       4%          1
 Summon Ice Beast         Ice/Summ       54%        N/A       1%          4
 Blade Hands              Tmut           21%        N/A       12%         5
 Call Canine Familiar     Summ           13%        N/A       13%         3
 Portal Projectile        Hex/Tloc       26%        N/A       13%         3
 Vampiric Draining        Necr           13%        2d6       13%         3
 Leda's Liquefaction      Hex/Erth       6%         N/A       38%         4
 Agony                    Necr           13%        N/A       75%         5


Dungeon Overview and Level Annotations

Branches:
Dungeon (12/15)            Temple (1/1) D:5            Lair (5/5) D:9
  Swamp (0/4) Lair:2       Spider (0/4) Lair:3          Orc (1/2) D:12
  Slime: Lair:4-5

Altars:
Ashenzari
Cheibriados
Dithmenos
Elyvilon
Fedhas
Gozag
Hepliaklqana
Kikubaaqudgha
Makhleb
Nemelex Xobeh
Okawaru
Qazlal
Ru
Sif Muna
Trog
Uskayaw
Vehumet
Wu Jian
Xom
Yredelemnul
Zin
The Shining One

Shops:
D:6 !   D:11 (

Annotations:
D:3 1 runed translucent door, Crazy Yiuf
Orc:1 Nergalle


Innate Abilities, Weirdness & Mutations

((You are very nimble when in or above water. (Stealth+, EV+, Speed+++)))
Your lower body shifts to a powerful aquatic tail in water.


Message History

You erupt in a fountain of uncontrolled magic!
The spectral orc warrior is blasted with magical radiation!!
You destroy the spectral orc warrior!
The spectral orc warrior disappears in a puff of smoke!
The spectral orc is blasted with magical radiation!!
You destroy the spectral orc!
The spectral orc disappears in a puff of smoke!
The spectral orc warrior is blasted with magical radiation!!
You destroy the spectral orc warrior!
The spectral orc warrior disappears in a puff of smoke!
Nergalle is blasted with magical radiation.
Nergalle twists and deforms.
You feel very sick. Nergalle closely misses you.
The spectral orc warrior hits you from afar with a +0 glaive!
* * * LOW HITPOINT WARNING * * *
You feel very sick.
Nergalle gestures at you while chanting.
Orcish apparitions take form around you.
The spectral orc warrior hits you from afar with a +0 glaive!
* * * LOW HITPOINT WARNING * * *
You feel drained.
* * * LOW HITPOINT WARNING * * *
You feel better. Nergalle casts a spell at you.
Orcish apparitions take form around you.
The spectral orc warrior hits you from afar with a +0 glaive!
* * * LOW HITPOINT WARNING * * *
You feel drained.
Unknown command.
Casting: Irradiate (dangerous; 5% risk of failure)
Confirm with . or Enter, or press ? or * to list all spells.
You miscast Irradiate.
You are contaminated with residual magic.
Multicoloured lights dance before your eyes.
Nergalle barely misses you.
The spectral orc hits you with a +4 falchion.
* * * LOW HITPOINT WARNING * * *
The spectral orc warrior hits you from afar with a +0 glaive!
You die...

.. ##.#... ## )
$...... ...#
....... #
)#.#......#
##.#..).....#
#).)..Z.....##
.#..§.§o)..^..#
....§)>@Z......
....§...Z...#..
....#......##
............. .
............#
#......$.^....#
..............#
#.#.#$#........


You could see Nergalle (misshapen), 2 spectral orcs and a spectral orc warrior
(summoned).

Vanquished Creatures
  Fannar (D:10)
  An ogre mage (D:12)
  5 two-headed ogres (D:12)
  Lodul (D:10)
  2 skysharks
  A swamp dragon (Lair:2)
  2 ugly things
  A manticore (D:10)
  5 black mambas
  6 cane toads
  Maggie (Lair:1)
  An efreet (D:12)
  10 komodo dragons
  An unseen horror (D:12)
  2 rime drakes
  A kobold demonologist (D:11)
  4 hornets
  2 polar bears
  2 trolls (D:9)
  17 blink frogs
  2 wraiths
  2 wyverns
  62 yaks
  A spriggan (Lair:5)
  A shadow (D:10)
  3 basilisks
  2 vampire mosquitoes (D:12)
  5 steam dragons
  2 acid dragons
  14 water moccasins
  4 orc warriors
  An ice beast (D:6)
  A sky beast (D:6)
  5 black bears
  A boggart (Lair:5)
  12 ogres
  4 centaurs
  20 wolves
  2 phantoms
  8 kobold brigands
  11 bullfrogs
  5 scorpions
  9 wights
  10 killer bees
  3 howler monkeys
  3 electric eels (D:9)
  10 hounds
  2 jellies
  A gnoll bouda (Lair:1)
  4 orc priests
  A sleepcap (D:8)
  4 iguanas
  Natasha (thrice) (D:3)
  10 orc wizards
  9 adders
  3 gnolls (D:7)
  A shadow imp (D:6)
  2 ufetubi
  2 worms (D:3)
  25 orcs
  5 ball pythons
  6 endoplasms
  3 giant cockroaches
  3 goblins
  14 hobgoblins
  A jackal (D:2)
  7 quokkas
  11 bats
  3 frilled lizards
  21 kobolds
  4 rats
414 creatures vanquished.

Vanquished Creatures (others)
  A wizard (D:5)
  An orc priest (D:12)
  An iguana (Lair:2)
  3 spectral weapons
6 creatures vanquished.

Grand Total: 420 creatures vanquished

Notes
Turn   | Place    | Note
-------+----------+-------------------------------------------
     0 | D:1      | safid the Merfolk Ice Elementalist began the quest for the
                  | Orb.
     0 | D:1      | Reached XP level 1. HP: 13/13 MP: 3/3
    91 | D:1      | Reached XP level 2. HP: 20/20 MP: 1/5
   180 | D:1      | Reached skill level 1 in Fighting
   639 | D:1      | Reached XP level 3. HP: 25/26 MP: 3/6
   684 | D:1      | Found a faded altar of an unknown god.
  1166 | D:2      | Reached skill level 5 in Ice Magic
  1166 | D:2      | Reached XP level 4. HP: 12/33 MP: 5/8
  1173 | D:2      | Learned a level 3 spell: Frozen Ramparts
  1177 | D:2      | Learned a level 3 spell: Ozocubu's Armour
  1277 | D:2      | Identified the +3 robe of the Past {rElec rC+ SInv}
  1946 | D:3      | Noticed Natasha
  1954 | D:3      | Killed Natasha
  1955 | D:3      | Reached XP level 5. HP: 31/39 MP: 6/9
  2016 | D:3      | Noticed Natasha
  2024 | D:3      | Killed Natasha
  2176 | D:3      | Found a sparkling altar of Nemelex Xobeh.
  2437 | D:3      | Noticed Natasha
  2440 | D:3      | Killed Natasha
  2451 | D:3      | Found the +1 Delatra's gloves {ID++}
  2462 | D:3      | Reached XP level 6. HP: 40/47 MP: 8/11
  2660 | D:3      | Found a runed translucent door.
  2661 | D:3      | Noticed Crazy Yiuf
  2833 | D:4      | Reached skill level 6 in Ice Magic
  2982 | D:4      | Noticed a black bear
  2993 | D:4      | Killed a black bear
  2994 | D:4      | Reached XP level 7. HP: 38/54 MP: 7/13
  3073 | D:4      | Found a shimmering altar of Xom.
  3340 | D:5      | Entered Level 5 of the Dungeon
  3354 | D:5      | Noticed a steam dragon
  3496 | D:5      | Found a staircase to the Ecumenical Temple.
  3502 | Temple   | Entered the Ecumenical Temple
  3570 | Temple   | Became a worshipper of Vehumet
  3748 | D:5      | Killed a steam dragon
  3749 | D:5      | Reached skill level 5 in Fighting
  3749 | D:5      | Reached skill level 5 in Spellcasting
  3749 | D:5      | Reached skill level 7 in Ice Magic
  3749 | D:5      | Reached XP level 8. HP: 13/62 MP: 7/15
  4386 | D:5      | Found a bloodstained altar of Trog.
  4390 | D:5      | Noticed a wizard
  4396 | D:5      | Killed a wizard
  4811 | D:6      | Identified the +7 great mace "Noiseecsis" {spect, Contam
                  | rCorr Int+9}
  4840 | D:6      | Reached skill level 8 in Ice Magic
  4860 | D:6      | Found Ewap's Distillery.
  4864 | D:6      | Bought a potion of heal wounds for 65 gold pieces
  4877 | D:6      | Reached skill level 5 in Dodging
  4877 | D:6      | Reached XP level 9. HP: 45/71 MP: 16/18
  4915 | D:6      | Reached * piety under Vehumet
  4915 | D:6      | Offered knowledge of Shock by Vehumet.
  5159 | D:6      | Found a hide-covered altar of Uskayaw.
  6222 | D:8      | Reached skill level 9 in Ice Magic
  6258 | D:8      | Reached XP level 10. HP: 61/80 MP: 20/20
  7056 | D:9      | Reached skill level 10 in Ice Magic
  7339 | D:9      | Found a staircase to the Lair.
  7547 | D:9      | Found a runed translucent door.
  7664 | D:9      | Offered knowledge of Foxfire by Vehumet.
  7817 | D:9      | Reached ** piety under Vehumet
  8390 | D:9      | You fall into a shaft and drop 3 floors!
  8400 | D:11     | Found Qumes's Weapon Boutique.
  8421 | D:10     | Entered Level 10 of the Dungeon
  8421 | D:10     | Noticed a manticore
  8428 | D:10     | Paralysed by a hornet for 3 turns
  8434 | D:10     | Killed a manticore
  8435 | D:10     | Reached skill level 10 in Fighting
  8435 | D:10     | Reached skill level 11 in Ice Magic
  8435 | D:10     | Reached XP level 11. HP: 37/90 MP: 23/23
  8782 | D:10     | Offered knowledge of Inner Flame by Vehumet.
  9109 | D:10     | Noticed Fannar
  9145 | D:10     | Killed Fannar
  9397 | Lair:1   | Entered Level 1 of the Lair of Beasts
  9574 | Lair:1   | Noticed Maggie
  9581 | Lair:1   | Killed Maggie
  9856 | Lair:1   | Reached skill level 12 in Ice Magic
  9905 | Lair:1   | Identified the +2 plate armour of the Storm King {-Tele
                  | rElec rC+++ Will+}
  9928 | Lair:1   | Reached *** piety under Vehumet
 10512 | Lair:2   | Reached skill level 10 in Spellcasting
 10688 | Lair:2   | Reached XP level 12. HP: 85/101 MP: 26/26
 10996 | Lair:2   | Offered knowledge of Olgreb's Toxic Radiance by Vehumet.
 11001 | Lair:2   | Reached skill level 13 in Ice Magic
 11304 | Lair:2   | Found a staircase to the Swamp.
 11379 | Lair:2   | Learned a level 7 spell: Ozocubu's Refrigeration
 11862 | Lair:3   | Reached **** piety under Vehumet
 11872 | Lair:3   | Reached skill level 14 in Ice Magic
 11912 | Lair:3   | Offered knowledge of Hailstorm by Vehumet.
 12578 | Lair:3   | Found a hole to the Spider Nest.
 12621 | Lair:3   | Reached XP level 13. HP: 111/113 MP: 27/27
 12999 | Lair:4   | Reached ***** piety under Vehumet
 13000 | Lair:4   | Reached skill level 15 in Ice Magic
 13007 | Lair:4   | Offered knowledge of Freezing Cloud by Vehumet.
 13014 | Lair:4   | Learned a level 5 spell: Freezing Cloud
 14130 | Lair:5   | Entered Level 5 of the Lair of Beasts
 14260 | Lair:5   | Reached skill level 15 in Fighting
 15109 | Lair:4   | Learned a level 5 spell: Irradiate
 15117 | Lair:4   | Learned a level 7 spell: Dragon Form
 15276 | D:11     | Noticed Lodul
 15292 | D:10     | Killed Lodul
 15293 | D:10     | Reached skill level 1 in Transmutations
 15488 | D:11     | Reached skill level 1 in Conjurations
 16030 | D:12     | Reached skill level 16 in Ice Magic
 16034 | D:12     | Found a staircase to the Orcish Mines.
 16462 | D:12     | Reached XP level 14. HP: 34/124 MP: 28/28
 16463 | D:12     | Reached skill level 5 in Transmutations
 16908 | D:12     | Offered knowledge of Iskenderun's Mystic Blast by Vehumet.
 17475 | Orc:1    | Entered Level 1 of the Orcish Mines
 17475 | Orc:1    | Noticed Nergalle
 17488 | Orc:1    | Slain by a spectral orc warrior

Illustrated notes

Levels and vault maps discovered:
D:1:      dpeg_arrival_tiny_a, layout_basic,
          shapermc_ecumenical_altar_hornbeckon
D:2:      layout_basic, chequers_serial_rivers_large_a, minmay_hexomino_f4
D:3:      layout_loops_ring, general_overflow_altar,
          ebering_dispersal_statue_hall, hex_large, pf_guarded_unrand_delatra,
          uniq_natasha, uniq_crazy_yiuf_cottage
D:4:      layout_rooms, amcnicky_altar_gilded
D:5:      layout_loops_ring, trog_wizard, minmay_temple_entry_proselytizer,
          serial_bayou_pond_c, moated_statue
D:6:      layout_loops_cross, nicolae_uskayaw_suspiria, serial_shops,
          nicolae_shop_tiny_real_fake_doors
D:7:      layout_basic
D:8:      layout_cave_pods, grunt_decor_junction
D:9:      layout_layer_cave, erik_lair_island, lightli_church_of_beogh
D:10:     layout_cave_pools, amcnicky_mini_rare_corridor_liquid, uniq_fannar
D:11:     layout_cave_pools, serial_shops, nicolae_stop_n_shop_2, uniq_lodul
D:12:     layout_stronghold, orc_0_dummy
Temple:   eino_narrow_crystal_temple
Lair:1:   layout_misc_corridors, serial_forest, infiniplex_forest_clump_double,
          infiniplex_forest_corner_2, infiniplex_forest_end_3,
          infiniplex_forest_diagonal, infiniplex_forest_pool,
          infiniplex_forest_lined_ring, infiniplex_forest_end_3, st_stairs_13,
          minmay_holes, dreamdust_gnoll_shepherd, uniq_maggie
Lair:2:   layout_chaotic_city, minmay_swamp_entry_reptiles, grunt_megastairs_2
Lair:3:   layout_hall_layers, spider_nest_entry_web_field
Lair:4:   layout_small_grid, lemuel_fruit_tree
Lair:5:   minmay_lair_end_enchanted_forest, layout_cellular_growth,
          nicolae_slime_entry_slimehenge, worms_lemuel
Orc:1:    layout_caves, uniq_nergalle

Skill      XL: |  1  2  3  4  5  6  7  8  9 10 11 12 13 14 |
---------------+-------------------------------------------+-----
Fighting       | 1 2 3 4 5 6 8 10 11 14 15 | 15.9
Ice Magic      | 5 6 7 8 9 11 12 14 16 | 16.0
Spellcasting   | 3 4 5 6 7 8 10 | 10.0
Dodging        | 5 6 |  6.0
Transmutations | 4 5 |  5.6
Conjurations   | 3 |  3.5
Stealth        | |  2.1

Action                     |  1- 3 |  4- 6 |  7- 9 | 10-12 | 13-15 || total
---------------------------+-------+-------+-------+-------+-------++-------
  Melee: Dagger            |    27 |    15 |       |       |       ||    42
         Long sword        |       |    47 |    41 |       |       ||    88
         Punch             |       |     1 |     1 |       |       ||     2
         Great mace        |       |       |    35 |   180 |   171 ||   386
   Cast: Freeze            |    46 |    63 |    17 |    24 |     2 ||   152
         Frozen Ramparts   |       |     7 |    30 |    47 |    45 ||   129
         Ozocubu's Armour  |       |     2 |    16 |    43 |    37 ||    98
         Ozocubu's Refrige |       |       |       |     9 |     2 ||    11
         Irradiate         |       |       |       |       |     3 ||     3
    Use: Potion            |     1 |       |       |     2 |     8 ||    11
         Scroll            |       |       |    13 |     4 |     8 ||    25
   Stab: Sleeping          |     1 |       |     2 |       |       ||     3
         Distracted        |       |       |       |       |     1 ||     1
 Armour: Robe              |     7 |    45 |    59 |   110 |    86 ||   307
  Dodge: Dodged            |    41 |    89 |    74 |   179 |   183 ||   566
